 Dungeon Crawl Stone Soup version 0.29.0-4-gdea44cf6ec (webtiles) character file.

Game seed: 16753477176615921871

104 qw the Caller (level 4, 0/36 HPs)
             Began as a Ghoul Summoner on Sept 10, 2022.
             Slain by an orc priest
             ... wielding a +0 hand axe
              (3 damage)
             ... on level 2 of the Dungeon.
             The game lasted 00:01:07 (2676 turns).

qw the Caller (Ghoul Summoner)                      Turns: 2676, Time: 00:01:08

Health: 0/36       AC:  2    Str: 13    XL:     4   Next: 80%
Magic:  1/5        EV: 12    Int: 10    God:
Gold:   88         SH:  0    Dex:  9    Spells: 5/6 levels left

rFire   . . .      SeeInvis .   h - +0 war axe
rCold   + . .      Faith    .   (no shield)
rNeg    + + +      Spirit   .   a - +0 robe
rPois   inf        Reflect  .   (no helmet)
rElec   .          Harm     .   (no cloak)
rCorr   .          Rampage  .   (no gloves)
Will    .....                   (no boots)
Stlth   ++........              (no amulet)
HPRegen 0.00/turn               (no ring)
MPRegen 0.09/turn               (no ring)

@: inhibited regen
A: claws 1, cold resistance 1, negative energy resistance 3, inhibited
regeneration, torment resistance 2, devour on kill
a: no special abilities


You were on level 2 of the Dungeon.
You visited 1 branch of the dungeon, and saw 2 of its levels.

You collected 88 gold pieces.


Innate Abilities, Weirdness & Mutations

You are immune to poison.
You have sharp fingernails.
Your flesh is cold resistant. (rC+)
You are immune to negative energy. (rN+++)
You do not regenerate when monsters are visible.
You are immune to unholy pain and torment.
You thrive by killing the living.


   Skills:
 - Level 2.0 Fighting
 + Level 3.3 Axes
 - Level 1.7 Dodging
 - Level 2.1 Stealth
 - Level 1.7 Spellcasting
 - Level 3.6 Summonings


You had 5 spell levels left.
You knew the following spells:

 Your Spells              Type           Power      Damage    Failure   Level
a - Summon Small Mammal   Summ           32%        N/A       8%          1

Your spell library contained the following spells:

 Spells                   Type           Power      Damage    Failure   Level
 Call Imp                 Summ           8%         N/A       11%         2
 Call Canine Familiar     Summ           8%         N/A       22%         3
 Summon Guardian Golem    Hex/Summ       4%         N/A       43%         3
 Summon Lightning Spire   Summ/Air       4%         N/A       83%         4

Inventory:

Hand Weapons
 b - a +0 mace of pain
 h - a +0 war axe (weapon)
Armour
 a - a +0 robe (worn)
Scrolls
 c - a scroll of immolation {unknown}
 e - a scroll of fog {unknown}
Potions
 d - a potion of mutation {unknown}
 f - a potion of might {unknown}
 g - a potion of heal wounds
 i - a potion of lignification {unknown}
 j - a potion of curing
 k - a potion of haste {unknown}
 m - a potion of cancellation {unknown}

Dungeon Overview and Level Annotations

Branches:
Dungeon (2/15)

Altars:
Qazlal

Shops:
D:1 (


Message History

There is an open door, spattered with blood here.
Things that are here:
a +0 dagger; a +0 robe; an orc corpse You swap places.
Found 6 gold pieces.
Your bat closely misses the orc priest.
The orc priest hits your bat but does no damage.
The orc priest misses your bat.
Your bat closely misses the orc priest.
You swap places.
Your bat closely misses the orc priest.
Your bat hits the orc priest. x2
The orc priest closely misses you. The orc priest closely misses your bat.
The orc priest misses your bat.
Your bat barely misses the orc priest.
You slash the orc priest!
The orc priest is severely wounded.
You hit the orc. Your bat hits the orc priest. x3
The orc priest hits your bat with a +0 hand axe.
The orc priest hits you with a +0 hand axe.
The orc drinks a potion.
The orc is healed!
The orc barely misses you.
The orc priest drinks a potion.
The orc priest is healed!
You slash the orc priest!
The orc priest is almost dead.
You slash the orc!
You kill the orc!
Your bat closely misses the orc priest.
Your bat barely misses the orc priest.
Your bat closely misses the orc priest.
The orc priest hits you with a +0 hand axe.
The orc priest hits your bat with a +0 hand axe.
Your bat dies!
Your bat's corpse disappears in a puff of smoke!
The orc priest hits your bat with a +0 hand axe.
Your bat dies!
Your bat's corpse disappears in a puff of smoke!
You closely miss the orc priest.
The orc priest is almost dead.
The orc priest hits you with a +0 hand axe.
You barely miss the orc priest.
The orc priest is almost dead.
The orc priest hits you with a +0 hand axe!
The orc priest hits you with a +0 hand axe.
You die...

######### #...$...
#....... #...... #......
### #.....# ..# #...)o##
..# #..@.# ..#
##########....# ..#
#........#....#
..###........#.#)##
..##.........#.#.####.##
...%.........^..........
..##...#######.#.#####..
..##...# ##.#........
..##...######.......####


You could see an orc priest.

Vanquished Creatures
  An orc wizard (D:2)
  An adder (D:2)
  A worm (D:2)
  An orc (D:2)
  A ball python (D:2)
  3 bats
  4 endoplasms
  3 giant cockroaches
  6 goblins
  3 hobgoblins (D:1)
  4 jackals (D:2)
  2 quokkas (D:1)
  A frilled lizard (D:1)
  4 kobolds
  2 rats (D:1)
37 creatures vanquished.

Vanquished Creatures (collateral kills)
  An adder (D:2)
  An endoplasm (D:1)
  A giant cockroach (D:1)
  A hobgoblin (D:1)
  A kobold (D:1)
  5 ball pythons (D:1)
  A bat (D:1)
  2 frilled lizards (D:1)
13 creatures vanquished.

Grand Total: 50 creatures vanquished

Notes
Turn   | Place    | Note
-------+----------+-------------------------------------------
     0 | D:1      | qw the Ghoul Summoner began the quest for the Orb.
     0 | D:1      | Reached XP level 1. HP: 14/14 MP: 2/2
     0 | D:1      | 0 ||| qw: Version: 0.1-a-113-g051387a
     0 | D:1      | 0 ||| qw: Game counter: 7371
     0 | D:1      | 0 ||| qw: Always use a shield: true
     0 | D:1      | 0 ||| qw: God list: Okawaru
     0 | D:1      | 0 ||| qw: Allow faded altars: false
     0 | D:1      | 0 ||| qw: Do Orc after D:15 true
     0 | D:1      | 0 ||| qw: Do second Lair branch before Depths: true
     0 | D:1      | 0 ||| qw: Lair rune preference: random
     0 | D:1      | 0 ||| qw: Plans: Normal
     0 | D:1      | 0 ||| PLANNING D:1-11
     6 | D:1      | 6 ||| CASTING Summon Small Mammal
     7 | D:1      | 7 ||| CASTING Summon Small Mammal
    33 | D:1      | 33 ||| Wielding weapon +0 short sword.
    47 | D:1      | 47 ||| CASTING Summon Small Mammal
    48 | D:1      | 48 ||| Stepping ~*~*~tactically~*~*~ (stealth).
    54 | D:1      | 54 ||| CASTING Summon Small Mammal
    60 | D:1      | 60 ||| CASTING Summon Small Mammal
    71 | D:1      | 71 ||| CASTING Summon Small Mammal
    73 | D:1      | Reached skill level 1 in Axes
   156 | D:1      | 156 ||| CASTING Summon Small Mammal
   157 | D:1      | 157 ||| CASTING Summon Small Mammal
   184 | D:1      | 184 ||| CASTING Summon Small Mammal
   185 | D:1      | 185 ||| CASTING Summon Small Mammal
   216 | D:1      | 216 ||| CASTING Summon Small Mammal
   217 | D:1      | 217 ||| CASTING Summon Small Mammal
   222 | D:1      | Reached XP level 2. HP: 22/22 MP: 0/3
   259 | D:1      | 259 ||| CASTING Summon Small Mammal
   260 | D:1      | 260 ||| CASTING Summon Small Mammal
   261 | D:1      | 261 ||| CASTING Summon Small Mammal
   263 | D:1      | Reached skill level 1 in Fighting
   315 | D:1      | 315 ||| CASTING Summon Small Mammal
   316 | D:1      | 316 ||| CASTING Summon Small Mammal
   317 | D:1      | 317 ||| CASTING Summon Small Mammal
   383 | D:1      | 383 ||| CASTING Summon Small Mammal
   384 | D:1      | 384 ||| CASTING Summon Small Mammal
   385 | D:1      | 385 ||| CASTING Summon Small Mammal
   447 | D:1      | 447 ||| CASTING Summon Small Mammal
   448 | D:1      | 448 ||| CASTING Summon Small Mammal
   449 | D:1      | 449 ||| CASTING Summon Small Mammal
   519 | D:1      | 519 ||| CASTING Summon Small Mammal
   520 | D:1      | 520 ||| CASTING Summon Small Mammal
   521 | D:1      | 521 ||| CASTING Summon Small Mammal
   531 | D:1      | 531 ||| CASTING Summon Small Mammal
   629 | D:1      | 629 ||| CASTING Summon Small Mammal
   630 | D:1      | 630 ||| CASTING Summon Small Mammal
   631 | D:1      | 631 ||| CASTING Summon Small Mammal
   738 | D:1      | 738 ||| SWAPPING to +0 hand axe.
   739 | D:1      | 739 ||| DROPPING +0 short sword.
   934 | D:1      | 934 ||| CASTING Summon Small Mammal
   935 | D:1      | 935 ||| CASTING Summon Small Mammal
   936 | D:1      | 936 ||| CASTING Summon Small Mammal
   962 | D:1      | 962 ||| CASTING Summon Small Mammal
   963 | D:1      | 963 ||| CASTING Summon Small Mammal
  1021 | D:1      | 1021 ||| CASTING Summon Small Mammal
  1022 | D:1      | 1022 ||| CASTING Summon Small Mammal
  1023 | D:1      | 1023 ||| CASTING Summon Small Mammal
  1174 | D:1      | 1174 ||| CASTING Summon Small Mammal
  1175 | D:1      | 1175 ||| CASTING Summon Small Mammal
  1176 | D:1      | 1176 ||| CASTING Summon Small Mammal
  1212 | D:1      | 1212 ||| CASTING Summon Small Mammal
  1242 | D:1      | Found Xiru's Antique Weapon Shop.
  1249 | D:1      | 1249 ||| CASTING Summon Small Mammal
  1250 | D:1      | 1250 ||| CASTING Summon Small Mammal
  1251 | D:1      | 1251 ||| CASTING Summon Small Mammal
  1260 | D:1      | Reached XP level 3. HP: 17/28 MP: 1/4
  1378 | D:1      | 1378 ||| CASTING Summon Small Mammal
  1379 | D:1      | 1379 ||| CASTING Summon Small Mammal
  1416 | D:1      | 1416 ||| CASTING Summon Small Mammal
  1419 | D:1      | 1419 ||| CASTING Summon Small Mammal
  1439 | D:1      | 1439 ||| CASTING Summon Small Mammal
  1440 | D:1      | 1440 ||| CASTING Summon Small Mammal
  1441 | D:1      | 1441 ||| CASTING Summon Small Mammal
  1442 | D:1      | 1442 ||| CASTING Summon Small Mammal
  1484 | D:1      | 1484 ||| CASTING Summon Small Mammal
  1485 | D:1      | 1485 ||| CASTING Summon Small Mammal
  1486 | D:1      | 1486 ||| CASTING Summon Small Mammal
  1487 | D:1      | 1487 ||| CASTING Summon Small Mammal
  1543 | D:1      | 1543 ||| CASTING Summon Small Mammal
  1544 | D:1      | 1544 ||| CASTING Summon Small Mammal
  1545 | D:1      | 1545 ||| CASTING Summon Small Mammal
  1546 | D:1      | 1546 ||| CASTING Summon Small Mammal
  1601 | D:1      | 1601 ||| CASTING Summon Small Mammal
  1602 | D:1      | 1602 ||| CASTING Summon Small Mammal
  1660 | D:1      | 1660 ||| CASTING Summon Small Mammal
  1661 | D:1      | 1661 ||| CASTING Summon Small Mammal
  1662 | D:1      | 1662 ||| CASTING Summon Small Mammal
  1663 | D:1      | 1663 ||| CASTING Summon Small Mammal
  1773 | D:1      | 1773 ||| Stepping ~*~*~tactically~*~*~ (stealth).
  1775 | D:1      | 1775 ||| CASTING Summon Small Mammal
  1933 | D:1      | 1933 ||| CASTING Summon Small Mammal
  1934 | D:1      | 1934 ||| CASTING Summon Small Mammal
  1935 | D:1      | 1935 ||| CASTING Summon Small Mammal
  1936 | D:1      | 1936 ||| CASTING Summon Small Mammal
  2049 | D:1      | 2049 ||| CASTING Summon Small Mammal
  2050 | D:1      | 2050 ||| CASTING Summon Small Mammal
  2051 | D:1      | 2051 ||| CASTING Summon Small Mammal
  2052 | D:1      | 2052 ||| CASTING Summon Small Mammal
  2099 | D:1      | 2099 ||| DROPPING ring of wizardry.
  2100 | D:1      | 2100 ||| READING scroll labelled DAOPTY TERELIF.
  2101 | D:1      | 2101 ||| READING scroll labelled BUD UX NINIAFEFF.
  2102 | D:1      | 2102 ||| DRINKING 3 red potions.
  2103 | D:1      | 2103 ||| DROPPING potion of magic.
  2160 | D:2      | 2160 ||| CASTING Summon Small Mammal
  2161 | D:2      | 2161 ||| STAIRDANCE
  2172 | D:2      | 2172 ||| CASTING Summon Small Mammal
  2173 | D:2      | 2173 ||| STAIRDANCE
  2187 | D:2      | 2187 ||| STAIRDANCE
  2230 | D:2      | 2230 ||| CASTING Summon Small Mammal
  2231 | D:2      | 2231 ||| CASTING Summon Small Mammal
  2239 | D:2      | 2239 ||| CASTING Summon Small Mammal
  2273 | D:2      | 2273 ||| CASTING Summon Small Mammal
  2274 | D:2      | 2274 ||| CASTING Summon Small Mammal
  2275 | D:2      | 2275 ||| CASTING Summon Small Mammal
  2276 | D:2      | 2276 ||| CASTING Summon Small Mammal
  2359 | D:2      | 2359 ||| DROPPING +0 club.
  2373 | D:2      | 2373 ||| CASTING Summon Small Mammal
  2374 | D:2      | 2374 ||| CASTING Summon Small Mammal
  2375 | D:2      | 2375 ||| CASTING Summon Small Mammal
  2376 | D:2      | 2376 ||| CASTING Summon Small Mammal
  2436 | D:2      | 2436 ||| READING scroll labelled ETIEHI KIYKOES.
  2438 | D:2      | Found a stormy altar of Qazlal.
  2439 | D:2      | 2439 ||| CASTING Summon Small Mammal
  2440 | D:2      | 2440 ||| CASTING Summon Small Mammal
  2441 | D:2      | 2441 ||| CASTING Summon Small Mammal
  2442 | D:2      | 2442 ||| CASTING Summon Small Mammal
  2451 | D:2      | Reached XP level 4. HP: 32/36 MP: 1/5
  2527 | D:2      | 2527 ||| Stepping ~*~*~tactically~*~*~ (stealth).
  2528 | D:2      | 2528 ||| SWAPPING to +0 war axe.
  2529 | D:2      | 2529 ||| DROPPING +0 hand axe.
  2530 | D:2      | 2530 ||| CASTING Summon Small Mammal
  2569 | D:2      | 2569 ||| CASTING Summon Small Mammal
  2570 | D:2      | 2570 ||| CASTING Summon Small Mammal
  2571 | D:2      | 2571 ||| CASTING Summon Small Mammal
  2572 | D:2      | 2572 ||| CASTING Summon Small Mammal
  2573 | D:2      | 2573 ||| CASTING Summon Small Mammal
  2579 | D:2      | 2579 ||| CASTING Summon Small Mammal
  2651 | D:2      | 2651 ||| Stepping ~*~*~tactically~*~*~ (stealth).
  2656 | D:2      | 2656 ||| CASTING Summon Small Mammal
  2657 | D:2      | 2657 ||| CASTING Summon Small Mammal
  2658 | D:2      | 2658 ||| CASTING Summon Small Mammal
  2659 | D:2      | 2659 ||| CASTING Summon Small Mammal
  2660 | D:2      | 2660 ||| CASTING Summon Small Mammal
  2665 | D:2      | 2665 ||| DRINKING 2 potions of curing.
  2665 | D:2      | 2665 ||| (to cure confusion)
  2668 | D:2      | Reached skill level 3 in Axes
  2668 | D:2      | 2668 ||| CASTING Summon Small Mammal
  2676 | D:2      | HP: 3/36 [orc priest/+0 hand axe (7)]
  2676 | D:2      | Slain by an orc priest

Levels and vault maps discovered:
D:1:      arrival_zaba_pyramid, layout_basic, serial_shops, shop
D:2:      cheibrodos_pilgrimage, layout_basic, basic_altar, hex_medium,
          minmay_pentomino_x4

Skill      XL: |  1  2  3  4 |
---------------+-------------+-----
Axes           | 1 2 3 |  3.3
Fighting       | 1 2 |  2.0
Dodging        | |  1.7
Stealth        | |  2.1
Spellcasting   | |  1.7
Summonings     | |  3.6

Action                   |  1- 3 |  4- 6 || total
-------------------------+-------+-------++-------
Melee: Short sword       |    30 |       ||    30
       Unarmed           |     1 |       ||     1
       Hand axe          |    80 |       ||    80
       Punch             |     1 |       ||     1
       War axe           |       |    34 ||    34
 Cast: Summon Small Mamm |    89 |    12 ||   101
  Use: Scroll            |     3 |       ||     3
       Potion            |     1 |     1 ||     2
 Stab: Distracted        |     2 |       ||     2
Armor: Robe              |    17 |     7 ||    24
Dodge: Dodged            |    65 |    39 ||   104

Table legend:
 A = Non-vault XP
 B = Vault XP
 C = Vault XP percentage of total XP
 D = Non-vault monster count
 E = Vault monster count
 F = Vault count percentage of total count
                 A         B        C        D         E       F
            +---------+---------+-------+---------+---------+-------
      Total |      90 |      59 |  39.6 |      44 |       6 |  12.0
            +---------+---------+-------+---------+---------+-------
        D:1 |      55 |       0 |   0.0 |      33 |       0 |   0.0
        D:2 |      35 |      59 |  62.8 |      11 |       6 |  35.3
            +---------+---------+-------+---------+---------+-------
